 Dungeon Crawl Stone Soup version 0.30.0-18-gc0e69614cb (webtiles) character file.

Game seed: 15006567913999988777

4350 Renzlar the Blocker (level 10, 82/82 HPs)
             Began as a Gnoll Fighter on May 20, 2023.
             Quit the game on level 9 of the Dungeon on May 24, 2023.
             The game lasted 00:34:33 (8105 turns).

Renzlar the Blocker (Gnoll Fighter)                 Turns: 8105, Time: 00:34:34

Health: 82/82      AC: 15    Str: 20    XL:     10   Next: 34%
Magic:  18/18      EV: 13    Int:  8    God:
Gold:   492        SH:  6    Dex: 17    Spells: 19/19 levels left

rFire   . . .        w - +0 dagger
rCold   + . .        h - +0 buckler
rNeg    . . .        i - +1 swamp dragon scales
rPois   +            k - +1 hat
rElec   .            d - +0 cloak
rCorr   .            (no gloves)
SInv    .            (no boots)
Will    +....        (no amulet)
Stlth   ++           m - +6 ring of dexterity
HPRegen 0.33/turn    z - ring of willpower
MPRegen 0.16/turn

%: no passive effects
@: no status effects
A: fangs 1, strong nose, distributed training, iridescent scales 1, cold
resistance 1
a: no special abilities


You were on level 9 of the Dungeon.
You visited 2 branches of the dungeon, and saw 10 of its levels.

You collected 492 gold pieces.

Inventory:

Hand Weapons
 a - a +1 war axe
 c - a +0 sling
 w - a +0 dagger (weapon)
 x - a +0 heavy spear
Missiles
 o - 2 curare-tipped darts (quivered)
 p - 29 poisoned darts
 s - 3 throwing nets
Armour
 d - a +0 cloak (worn)
 h - a +0 buckler (worn)
 i - +1 swamp dragon scales (worn)
 k - a +1 hat (worn)
Jewellery
 j - a ring of magical power
 m - a +6 ring of dexterity (left hand)
 z - a ring of willpower (right hand)
Wands
 l - a wand of flame (53)
 y - a wand of digging (2)
 B - a wand of polymorph (14)
Scrolls
 b - a scroll of enchant weapon
 n - 3 scrolls of teleportation
 t - 2 scrolls of fog
 u - 5 scrolls of identify
 v - a scroll of amnesia
 A - a scroll of enchant armour
Potions
 e - 2 potions of flight
 f - 4 potions of resistance
 g - a potion of lignification
 q - 2 potions of heal wounds
 r - a potion of curing


   Skills:
 + Level 8.6 Fighting
 + Level 5.4 Short Blades
 + Level 5.4 Long Blades
 + Level 7.1 Axes
 + Level 5.4 Maces & Flails
 + Level 5.4 Polearms
 + Level 5.4 Staves
 + Level 5.4 Ranged Weapons
 + Level 5.4 Throwing
 + Level 8.6 Armour
 + Level 5.4 Dodging
 + Level 5.4 Stealth
 + Level 8.6 Shields
 + Level 5.4 Unarmed Combat
 + Level 5.4 Spellcasting
 + Level 4.4 Conjurations
 + Level 4.4 Hexes
 + Level 4.4 Summonings
 + Level 4.4 Necromancy
 + Level 4.4 Translocations
 + Level 4.4 Transmutations
 + Level 4.4 Fire Magic
 + Level 4.4 Ice Magic
 + Level 4.4 Air Magic
 + Level 4.4 Earth Magic
 + Level 4.4 Poison Magic
 + Level 5.9 Invocations
 + Level 5.4 Evocations


You had 19 spell levels left.
You didn't know any spells.
Your spell library contained the following spells:

 Spells                   Type           Power      Damage    Failure   Level
 Necrotise                Necr           36%        1d5       8%          1
 Poisonous Vapours        Pois/Air       18%        N/A       12%         2
 Gell's Gravitas          Tloc           9%         N/A       22%         3
 Mephitic Cloud           Conj/Pois/Air  9%         N/A       22%         3
 Teleport Other           Tloc           9%         N/A       22%         3
 Vampiric Draining        Necr           9%         2d6       22%         3
 Agony                    Necr           9%         N/A       91%         5
 Freezing Cloud           Conj/Ice/Air   4%         6-21      91%         5
 Dispersal                Tloc           4%         N/A       100%        6


Dungeon Overview and Level Annotations

Branches:
Dungeon (9/15)             Temple (1/1) D:7            Lair (0/5) D:8
    Orc: D:9-12

Altars:
Ashenzari
Cheibriados
Dithmenos
Elyvilon
Fedhas
Hepliaklqana
Kikubaaqudgha
Qazlal
Ru
Sif Muna
Trog
Uskayaw
Vehumet
Wu Jian
Xom
Yredelemnul
The Shining One


Innate Abilities, Weirdness & Mutations

You have very sharp teeth.
Your uncanny sense of smell can sniff out nearby items.
Your experience applies equally to all skills.
You are partially covered in iridescent scales. (AC +2)
Your flesh is cold resistant. (rC+)


Message History

The kobold shouts!
You block the kobold's attack. The kobold closely misses you.
The kobold misses you.
You hit the kobold.
You kill the kobold!
You closely miss the kobold. You hit the kobold.
You kill the kobold!
You block the kobold's attack.
You barely miss the kobold. Your bite misses the kobold.
The kobold closely misses you.
You barely miss the kobold. You bite the kobold, but do no damage.
The kobold misses you. You block the kobold's attack.
The kobold hits you but does no damage.
You closely miss the kobold. x2; You block the kobold's attack.
The kobold closely misses you.
You barely miss the kobold. You bite the kobold, but do no damage.
You hit the kobold.
You kill the kobold!
The kobold hits you with a +0 short sword.
You hit the kobold.
You kill the kobold!
c - a +0 sling (weapon)
HP restored.
p - 29 poisoned darts (gained 2)
Things that are here:
a +0 short sword; a kobold corpse
Things that are here:
a +0 short sword; a stone; a kobold corpse
Things that are here:
a +0 whip; a kobold corpse A deep elf pyromancer comes into view.
It is wielding a +0 rapier.
Found a box of beasts.
w - a +0 dagger (weapon)
A kobold demonologist comes into view. It is wielding a +0 dagger.
The deep elf pyromancer shouts!
You hear a shout!
The kobold demonologist shouts!
You hear an angry buzzing noise.
The kobold demonologist begins to cast a cantrip, but forgets the words!
You hear a howl!
You hear a croak.
Unknown command.
Are you sure you want to abandon this character and quit the game? (Confirm with "yes".)

∆∆ .# .. ∆∆#....#
###....# ..#.#..#
#.#....# ###.#....+
#.#...#....#
#}.e.@....#
.K.#...#.#+##
##..#...# #..#...# ∆
..##...#
#.#####...##########
........###.........
............########
............#


You could see a deep elf pyromancer and a kobold demonologist.

Vanquished Creatures
  9 yaks (D:8)
  2 wyverns (D:8)
  A basilisk (D:8)
  The ghost of sasquatch the Firebug, an amateur OpFE (D:3)
  2 water moccasins
  2 ice beasts
  The ghost of gelatine the Shooter, an amateur DsHu (D:3)
  An ogre (D:6)
  3 kobold brigands
  A bullfrog (D:8)
  3 scorpions (D:6)
  A gnoll sergeant (D:8)
  3 wights (D:8)
  8 howler monkeys
  The ghost of sasquatch the Sneak, a weakling VSBr (D:3)
  4 hounds
  3 gnoll boudas
  3 orc priests
  Natasha (thrice) (D:2)
  6 iguanas
  2 orc wizards
  A sleepcap (D:5)
  19 gnolls
  3 adders
  A shadow imp (D:6)
  2 white imps
  2 ufetubi
  3 worms
  29 orcs
  8 ball pythons
  4 bats
  8 endoplasms
  3 giant cockroaches
  5 goblins
  6 hobgoblins
  14 jackals
  19 kobolds
  A quokka (D:5)
  3 frilled lizards (D:1)
  16 rats
  A spectral orc (D:8)
208 creatures vanquished.

Notes
Turn   | Place    | Note
-------+----------+-------------------------------------------
     0 | D:1      | Renzlar the Gnoll Fighter began the quest for the Orb.
     0 | D:1      | Reached XP level 1. HP: 23/23 MP: 1/1
   108 | D:1      | Reached XP level 2. HP: 29/29 MP: 2/2
   425 | D:1      | Reached XP level 3. HP: 35/35 MP: 3/3
   577 | D:1      | Reached skill level 1 in Invocations
   795 | D:2      | Reached skill level 1 in Short Blades
   795 | D:2      | Reached skill level 1 in Long Blades
   795 | D:2      | Reached skill level 1 in Maces & Flails
   795 | D:2      | Reached skill level 1 in Polearms
   795 | D:2      | Reached skill level 1 in Staves
   795 | D:2      | Reached skill level 1 in Ranged Weapons
   795 | D:2      | Reached skill level 1 in Throwing
   795 | D:2      | Reached skill level 1 in Dodging
   795 | D:2      | Reached skill level 1 in Stealth
   795 | D:2      | Reached skill level 1 in Unarmed Combat
   795 | D:2      | Reached skill level 1 in Spellcasting
   795 | D:2      | Reached skill level 1 in Evocations
   908 | D:2      | Reached XP level 4. HP: 41/41 MP: 5/5
  1162 | D:2      | Noticed Natasha
  1172 | D:2      | Killed Natasha
  1173 | D:2      | Reached skill level 1 in Conjurations
  1173 | D:2      | Reached skill level 1 in Hexes
  1173 | D:2      | Reached skill level 1 in Summonings
  1173 | D:2      | Reached skill level 1 in Necromancy
  1173 | D:2      | Reached skill level 1 in Translocations
  1173 | D:2      | Reached skill level 1 in Transmutations
  1173 | D:2      | Reached skill level 1 in Fire Magic
  1173 | D:2      | Reached skill level 1 in Ice Magic
  1173 | D:2      | Reached skill level 1 in Air Magic
  1173 | D:2      | Reached skill level 1 in Earth Magic
  1173 | D:2      | Reached skill level 1 in Poison Magic
  1182 | D:2      | Noticed Natasha
  1195 | D:2      | Killed Natasha
  1196 | D:2      | Reached XP level 5. HP: 31/47 MP: 5/7
  1304 | D:2      | Noticed Natasha
  1309 | D:2      | Killed Natasha
  1420 | D:3      | Found a glowing golden altar of the Shining One.
  1572 | D:3      | Found a radiant altar of Vehumet.
  1694 | D:3      | Found a shimmering altar of Xom.
  1712 | D:3      | Found a hazy altar of Hepliaklqana.
  1784 | D:3      | Found a white marble altar of Elyvilon.
  1826 | D:3      | Found a runed translucent gate.
  1828 | D:3      | Found a runed translucent gate.
  1829 | D:3      | Found a runed translucent gate.
  1830 | D:3      | Noticed gelatine's ghost (amateur DsHu)
  1830 | D:3      | Noticed sasquatch's ghost (weakling VSBr)
  1831 | D:3      | Noticed sasquatch's ghost (amateur OpFE)
  1844 | D:3      | Killed sasquatch's ghost
  1847 | D:3      | Killed gelatine's ghost
  1848 | D:3      | Reached skill level 5 in Axes
  1848 | D:3      | Reached XP level 6. HP: 25/53 MP: 7/9
  1849 | D:3      | Killed sasquatch's ghost
  2493 | D:4      | Reached XP level 7. HP: 57/59 MP: 10/10
  3078 | D:5      | Entered Level 5 of the Dungeon
  3244 | D:5      | Found a bloodstained altar of Trog.
  3511 | D:5      | Gained mutation: You occasionally lose the ability to read
                  | scrolls when taking damage. [potion of mutation]
  3511 | D:5      | Gained mutation: You sometimes lose the ability to read
                  | scrolls when taking damage. [potion of mutation]
  3511 | D:5      | Gained mutation: Your magical capacity is low. (-10% MP)
                  | [potion of mutation]
  3512 | D:5      | Lost mutation: You sometimes lose the ability to read
                  | scrolls when taking damage. [potion of mutation]
  3512 | D:5      | Lost mutation: You occasionally lose the ability to read
                  | scrolls when taking damage. [potion of mutation]
  3512 | D:5      | Lost mutation: Your magical capacity is low. (-10% MP)
                  | [potion of mutation]
  3512 | D:5      | Gained mutation: You occasionally lose the ability to drink
                  | potions when taking damage. [potion of mutation]
  3512 | D:5      | Gained mutation: Armour fits poorly on your strangely
                  | shaped body. [potion of mutation]
  3513 | D:5      | Lost mutation: Armour fits poorly on your strangely shaped
                  | body. [potion of mutation]
  3513 | D:5      | Lost mutation: You occasionally lose the ability to drink
                  | potions when taking damage. [potion of mutation]
  3513 | D:5      | Gained mutation: You are partially covered in iridescent
                  | scales. (AC +2) [potion of mutation]
  3513 | D:5      | Gained mutation: Your flesh is cold resistant. (rC+)
                  | [potion of mutation]
  3830 | D:5      | Upgraded the game from 0.30.0-15-g856e2d3f33 to
                  | 0.30.0-17-ge0270778cf
  3894 | D:6      | Reached XP level 8. HP: 67/67 MP: 12/12
  5372 | D:7      | Found a shadowy altar of Dithmenos.
  5395 | D:7      | Found a staircase to the Ecumenical Temple.
  5402 | Temple   | Entered the Ecumenical Temple
  5604 | D:7      | Reached XP level 9. HP: 66/73 MP: 13/15
  6142 | D:7      | Upgraded the game from 0.30.0-17-ge0270778cf to
                  | 0.30.0-18-gc0e69614cb
  6598 | D:8      | Reached skill level 5 in Invocations
  6787 | D:8      | Reached skill level 5 in Short Blades
  6787 | D:8      | Reached skill level 5 in Long Blades
  6787 | D:8      | Reached skill level 5 in Maces & Flails
  6787 | D:8      | Reached skill level 5 in Polearms
  6787 | D:8      | Reached skill level 5 in Staves
  6787 | D:8      | Reached skill level 5 in Ranged Weapons
  6787 | D:8      | Reached skill level 5 in Throwing
  6787 | D:8      | Reached skill level 5 in Dodging
  6787 | D:8      | Reached skill level 5 in Stealth
  6787 | D:8      | Reached skill level 5 in Unarmed Combat
  6787 | D:8      | Reached skill level 5 in Spellcasting
  6787 | D:8      | Reached skill level 5 in Evocations
  6962 | D:8      | Found a staircase to the Lair.
  6971 | D:8      | Reached XP level 10. HP: 81/81 MP: 17/17
  7925 | D:8      | Found a basalt altar of Yredelemnul.
  8100 | D:9      | Noticed a deep elf pyromancer
  8104 | D:9      | Noticed a kobold demonologist
  8105 | D:9      | Quit the game

Illustrated notes

Levels and vault maps discovered:
D:1:      wander_arrival_desolate, layout_basic, minmay_rat_gold_closets
D:2:      layout_rooms, uniq_natasha
D:3:      layout_loops_ring, mainiacjoe_overflow_alcove_4,
          mainiacjoe_overflow_24_doors, general_overflow_altar,
          mainiacjoe_overflow_brackets, xom_butterflies,
          gammafunk_ghost_cemetery
D:4:      layout_loops_ring
D:5:      layout_rooms, mainiacjoe_overflow_paths, dreamdust_gnoll_farm
D:6:      layout_basic, chequers_serial_rivers_small_b
D:7:      cheibrodos_quashed, layout_basic, mainiacjoe_overflow_six_doors_small,
          minmay_temple_entry_arrows, minmay_misc_feat_square
D:8:      layout_loops_ring, yredelemnul_forgotten_temple_becter,
          minmay_lair_entry_grove
D:9:      layout_stronghold, mainiacjoe_overflow_alcove_1, marbit_many_paths,
          mainiacjoe_overflow_big_doors, serial_shops, shop,
          gammafunk_ghost_cemetery, minmay_the_grid_2x2
          [minmay_the_grid_tri_star, minmay_the_grid_mess, minmay_the_grid_x,
          minmay_the_grid_prize_four_corners]
Temple:   chequers_temple_sunken

Skill      XL: |  1  2  3  4  5  6  7  8  9 10 |
---------------+-------------------------------+-----
Invocations    | 1 2 3 4 5 |  5.9
Short Blades   | 1 2 3 4 5 |  5.4
Long Blades    | 1 2 3 4 5 |  5.4
Maces & Flails | 1 2 3 4 5 |  5.4
Polearms       | 1 2 3 4 5 |  5.4
Staves         | 1 2 3 4 5 |  5.4
Ranged Weapons | 1 2 3 4 5 |  5.4
Throwing       | 1 2 3 4 5 |  5.4
Dodging        | 1 2 3 4 5 |  5.4
Stealth        | 1 2 3 4 5 |  5.4
Unarmed Combat | 1 2 3 4 5 |  5.4
Spellcasting   | 1 2 3 4 5 |  5.4
Evocations     | 1 2 3 4 5 |  5.4
Conjurations   | 1 2 3 4 |  4.4
Hexes          | 1 2 3 4 |  4.4
Summonings     | 1 2 3 4 |  4.4
Necromancy     | 1 2 3 4 |  4.4
Translocations | 1 2 3 4 |  4.4
Transmutations | 1 2 3 4 |  4.4
Fire Magic     | 1 2 3 4 |  4.4
Ice Magic      | 1 2 3 4 |  4.4
Air Magic      | 1 2 3 4 |  4.4
Earth Magic    | 1 2 3 4 |  4.4
Poison Magic   | 1 2 3 4 |  4.4
Axes           | 5 6 7 |  7.1
Fighting       | 7 8 |  8.6
Armour         | 7 8 |  8.6
Shields        | 7 8 |  8.6

Action                     |  1- 3 |  4- 6 |  7- 9 | 10-12 || total
---------------------------+-------+-------+-------+-------++-------
  Melee: War axe           |   116 |   123 |   411 |   100 ||   750
         Bite              |     6 |    11 |    49 |    17 ||    83
         Spear             |       |       |    12 |       ||    12
   Fire: Sling             |       |       |       |     4 ||     4
  Throw: Throwing net      |       |     1 |       |       ||     1
         Boomerang         |       |     2 |    16 |     3 ||    21
  Evoke: Wand              |       |       |       |     1 ||     1
    Use: Scroll            |     4 |     7 |    10 |     1 ||    22
         Potion            |       |     2 |     4 |       ||     6
   Stab: Sleeping          |       |       |     4 |       ||     4
         Invisible         |       |       |     3 |       ||     3
 Armour: Scale mail        |    37 |       |       |       ||    37
         Swamp dragon scal |     5 |    51 |   141 |    19 ||   216
  Dodge: Dodged            |    40 |    42 |   228 |    49 ||   359
  Block: Buckler           |    22 |    42 |   119 |    24 ||   207
